 Dungeon Crawl Stone Soup version 0.28-a0-1152-g9c71ebef14 (webtiles) character file.

Game seed: 5691957230089034773

2856 kae the Cleaver (level 9, -8/70 HPs)
             Began as a Hill Orc Fighter on Dec 14, 2021.
             Was a Believer of Qazlal.
             Killed by divine providence
             ... invoked by an orc priest
              (11 damage)
             ... on level 8 of the Dungeon.
             The game lasted 00:03:36 (7381 turns).

kae the Cleaver (Hill Orc Fighter)                  Turns: 7381, Time: 00:03:37

Health: -8/70      AC: 12    Str: 25    XL:     9   Next: 75%
Magic:  16/16      EV: 10    Int:  8    God:    Qazlal [**....]
Gold:   290        SH:  0    Dex: 17    Spells: 8/8 levels left

rFire   . . .      SeeInvis .   a - +0 war axe (flame)
rCold   . . .      Faith    .   c - +0 buckler
rNeg    . . .      Spirit   .   r - +7 ring mail of the Arcane {+Inv Str+2 Dex+7}
rPois   .          Reflect  .   (no helmet)
rElec   .          Harm     .   (no cloak)
rCorr   .          Rampage  .   (no gloves)
Will    .....                   (no boots)
Stlth   ..........              (no amulet)
HPRegen 0.21/turn               (no ring)
MPRegen 0.15/turn               (no ring)

@: confused
A: no striking features
a: Renounce Religion, Convert to Beogh, Evoke Invisibility, Upheaval


You were on level 8 of the Dungeon.
You worshipped Qazlal.
Qazlal was pleased with you.
You visited 2 branches of the dungeon, and saw 9 of its levels.

You collected 1499 gold pieces.
You spent 1209 gold pieces at shops.

Inventory:

Hand Weapons
 a - a +0 war axe of flaming (weapon)
Armour
 b - a +0 scale mail
 c - a +0 buckler (worn)
 r - the +7 ring mail of the Arcane (worn) {+Inv Str+2 Dex+7}
   (You bought it in a shop on level 3 of the Dungeon)

   Str:       It affects your strength (+2).
   Dex:       It affects your dexterity (+7).
   +Inv:      It lets you turn invisible.
Jewellery
 e - an amulet of reflection
 u - a ring of resist corrosion
Wands
 s - a wand of digging (1)
Scrolls
 k - 3 scrolls of teleportation
 o - 2 scrolls of blinking
 p - 2 scrolls of identify
 v - 2 scrolls of noise
Potions
 d - a potion of might
 f - 5 potions of mutation
 g - 4 potions of brilliance
 h - 5 potions of attraction
 i - a potion of heal wounds
 j - 2 potions of lignification {unknown}
 l - 3 potions of flight {unknown}
 m - a potion of magic {unknown}
 n - a potion of resistance {unknown}
 q - a potion of degeneration {unknown}
 t - 3 potions of curing {unknown}
 w - a potion of invisibility {unknown}


   Skills:
 - Level 3.6 Fighting
 + Level 13.6 Axes
 - Level 3.2 Armour
 - Level 4.0 Shields
 - Level 10.0 Invocations


You had 8 spell levels left.
You didn't know any spells.
Your spell library contained the following spells:

 Spells                   Type           Power      Damage    Failure   Level
 Freeze                   Ice            0%         1d3       54%         1
 Corpse Rot               Necr/Air       0%         N/A       69%         2
 Ensorcelled Hibernation  Hex/Ice        0%         N/A       69%         2
 Poisonous Vapours        Pois/Air       0%         N/A       69%         2
 Frozen Ramparts          Ice            0%         1d2       89%         3
 Gell's Gravitas          Tloc           0%         N/A       89%         3
 Lesser Beckoning         Tloc           0%         N/A       89%         3
 Teleport Other           Tloc           0%         N/A       89%         3
 Tukima's Dance           Hex            0%         N/A       89%         3
 Hailstorm                Conj/Ice       0%         3d3       100%        4


Dungeon Overview and Level Annotations

Branches:
Dungeon (8/15)             Temple (1/1) D:5
   Lair: D:8-11

Altars:
Ashenzari
Cheibriados
Dithmenos
Elyvilon
Gozag
Hepliaklqana
Makhleb
Nemelex Xobeh
Okawaru
Qazlal
Trog
Uskayaw
Vehumet
Wu Jian
Yredelemnul
Zin
The Shining One

Shops:
D:3 *   D:5 ?   D:6 (

Annotations:
D:4 Pikel
D:7 1 runed translucent door


Message History

The magic dart hits you!
The orc priest shouts, "Beogh is our master!
Accept the truth or die!"
You are too injured to fight recklessly!
You hear some strange, mumbled words.
You are confused.
The orc priest shouts, "Beogh is our master!
Accept the truth or die!"
You can't go up here!
The orc priest shouts, "Surrender to Beogh and we'll let you live!"
The orc priest begins to cast a cantrip, but forgets the words!
You hear some strange, mumbled words.
You are more confused.
The orc priest shouts, "Beogh is our master!
Accept the truth or die!"
You can't go up here!
The orc throws a boomerang.
The boomerang hits you but does no damage.
The orc priest invokes the aid of Beogh against you.
Beogh smites you! Something hits you.
* * * LOW HITPOINT WARNING * * *
The orc priest shouts, "Beogh is our master!
Accept the truth or die!"
The orc priest shouts, "Beogh is our master!
Accept the truth or die!"
The orc throws a boomerang.
The boomerang closely misses you.
There is a stone staircase leading up here.
The orc priest casts a cantrip, but nothing happens.
You hear some strange, mumbled words.
A magic dart appears from out of thin air!
The magic dart hits you but does no damage.
The orc priest shouts, "Surrender to Beogh and we'll let you live!"
In your confused state, you trip and fall back down the stairs.
* * * LOW HITPOINT WARNING * * *
The orc hits you with a +0 mace.
* * * LOW HITPOINT WARNING * * *
The orc priest hits you but does no damage.
Something hits you.
* * * LOW HITPOINT WARNING * * *
The orc priest invokes the aid of Beogh against you.
Beogh smites you!
* * * LOW HITPOINT WARNING * * *
The orc priest invokes the aid of Beogh against you.
Beogh smites you!
You die...

#. #..... #.
..... #.##...
#####.....##
#..........#
#..........#
#..........#
#.......{o.#
#......oo@.#
#.......ยง.[#
#.......o.<#
#..........#
############


You could see 2 orc priests and 2 orcs.

Vanquished Creatures
  2 steam dragons (D:6)
  2 ice beasts (D:6)
  A necrophage (D:7)
  A black bear (D:5)
  A sky beast (D:6)
  4 ogres
  4 centaurs
  3 phantoms (D:6)
  A kobold brigand (D:6)
  A bullfrog (D:4)
  2 gnoll sergeants
  3 scorpions
  A water moccasin skeleton (D:5)
  2 centaur zombies (D:7)
  A bullfrog zombie (D:7)
  A jelly (D:7)
  2 hounds (D:7)
  2 orc priests (D:4)
  A centaur skeleton (D:7)
  Jessica (D:2)
  Crazy Yiuf (D:7)
  4 iguanas
  5 orc wizards
  A killer bee zombie (D:7)
  A hound skeleton (D:5)
  4 gnolls (D:4)
  5 adders
  A shadow imp (D:5)
  A white imp (D:4)
  An ufetubus (D:6)
  An adder zombie (D:5)
  An adder skeleton (D:3)
  2 worms
  3 dart slugs
  12 orcs
  2 endoplasms (D:3)
  A giant cockroach (D:4)
  18 goblins
  5 hobgoblins
  5 quokkas
  8 ball pythons
  2 bats
  2 frilled lizards
  12 kobolds
  5 rats
139 creatures vanquished.

Vanquished Creatures (others)
  A shadow imp (D:6)
1 creature vanquished.

Grand Total: 140 creatures vanquished

Notes
Turn   | Place    | Note
-------+----------+-------------------------------------------
     0 | D:1      | kae the Hill Orc Fighter began the quest for the Orb.
     0 | D:1      | Reached XP level 1. HP: 19/19 MP: 1/1
    10 | D:1      | Found a faded altar of an unknown god.
   129 | D:1      | Reached skill level 3 in Axes
   276 | D:1      | Reached XP level 2. HP: 24/26 MP: 2/2
   653 | D:2      | Identified a scroll of acquirement
   653 | D:2      | Acquired 1021 gold pieces
   702 | D:2      | Noticed Jessica
   707 | D:2      | Killed Jessica
   708 | D:2      | Reached skill level 4 in Axes
   708 | D:2      | Reached XP level 3. HP: 30/31 MP: 3/3
  1077 | D:2      | Reached skill level 5 in Axes
  1077 | D:2      | Reached XP level 4. HP: 35/39 MP: 4/4
  1404 | D:3      | Found a stormy altar of Qazlal.
  1452 | D:3      | Became a worshipper of Qazlal Stormbringer
  1595 | D:3      | Found Waigh's General Store.
  1609 | D:3      | Bought a scroll of identify for 28 gold pieces
  1609 | D:3      | Bought the +7 ring mail of the Arcane {+Inv Str+2 Dex+7}
                  | for 1006 gold pieces
  1669 | D:3      | Noticed an ogre
  1687 | D:3      | HP: 1/39 [ogre (21)]
  1688 | D:3      | Killed an ogre
  1689 | D:3      | Reached skill level 6 in Axes
  1689 | D:3      | Reached XP level 5. HP: 2/45 MP: 4/6
  2015 | D:3      | Found a glowing silver altar of Zin.
  2053 | D:3      | Found an opulent altar of Gozag.
  2180 | D:4      | Reached XP level 6. HP: 9/51 MP: 8/8
  2657 | D:4      | Reached * piety under Qazlal
  2658 | D:4      | Reached skill level 7 in Axes
  3087 | D:4      | Reached skill level 5 in Invocations
  3087 | D:4      | Reached XP level 7. HP: 19/57 MP: 10/10
  3451 | D:4      | Noticed Pikel
  3493 | D:4      | Reached skill level 8 in Axes
  3933 | D:5      | Entered Level 5 of the Dungeon
  4204 | D:5      | Found Wiciu's Magic Scroll Emporium.
  4209 | D:5      | Bought a scroll of identify for 28 gold pieces
  4209 | D:5      | Bought a scroll of identify for 28 gold pieces
  4209 | D:5      | Bought a scroll of noise for 14 gold pieces
  4209 | D:5      | Bought a scroll of blinking for 105 gold pieces
  4569 | D:5      | Reached skill level 9 in Axes
  4569 | D:5      | Reached XP level 8. HP: 51/64 MP: 11/13
  5189 | D:5      | Found a staircase to the Ecumenical Temple.
  5200 | Temple   | Entered the Ecumenical Temple
  5488 | D:6      | Reached skill level 10 in Axes
  5728 | D:6      | Found an opulent altar of Gozag.
  5738 | D:6      | Reached skill level 11 in Axes
  5738 | D:6      | Reached XP level 9. HP: 43/70 MP: 14/16
  5746 | D:6      | Reached skill level 10 in Invocations
  6013 | D:6      | Reached ** piety under Qazlal
  6014 | D:6      | Reached skill level 12 in Axes
  6096 | D:6      | Found Uhusk's Weapon Boutique.
  6201 | D:6      | Identified the -7 helmet of the Pink Corner {*Corrode rF+
                  | Will+}
  6217 | D:6      | Found a snail-covered altar of Cheibriados.
  6630 | D:7      | Reached skill level 13 in Axes
  6731 | D:7      | Found a runed translucent door.
  6732 | D:7      | Noticed Crazy Yiuf
  6933 | D:7      | Found a radiant altar of Vehumet.
  6936 | D:7      | Found a broken altar of Ashenzari.
  7150 | D:7      | Found a runed translucent door.
  7150 | D:7      | Found a burning altar of Makhleb.
  7150 | D:7      | Noticed a sixfirhy
  7191 | D:7      | Found an ornate altar of the Wu Jian Council.
  7316 | D:7      | Killed Crazy Yiuf
  7381 | D:8      | HP: 3/70 [orc priest/divine providence (12)]
  7381 | D:8      | Killed from afar by an orc priest

Illustrated notes

Levels and vault maps discovered:
D:1:      lightli_arrival_chessboard, layout_rooms,
          hellmonk_ecumenical_altar_heavens_door
D:2:      kennysheep_the_goblin_king, layout_rooms, uniq_jessica
D:3:      layout_rooms, pdpol_temple_overflow_zin_treasury_gozag_greed,
          grunt_qazlal_clouds, serial_shops, nicolae_shop_waterfront,
          minmay_ogre_servants
D:4:      layout_loops_ring, uniq_pikel
D:5:      layout_loops_ring, lemuel_temple_firewalk_b, serial_shops,
          nicolae_shop_trees, kennysheep_generic_room_15
D:6:      layout_basic, cheibrodos_worm_habitat, serial_shops, kennysheep_mini,
          minivault_26, minmay_ruined_shrine
D:7:      layout_loops_ring, nicolae_wu_jian_glorious_leap,
          nzn_makhleb_speed_demon, chequers_temple_overflow_statue_of_worship,
          minivault_1, uniq_crazy_yiuf_cottage
D:8:      layout_basic, mainiacjoe_overflow_24_doors
Temple:   compressed_dpeg_triangle_lava_temple

Skill      XL: |  1  2  3  4  5  6  7  8  9 |
---------------+----------------------------+-----
Axes           | 3 4 5 6 7 9 11 13 | 13.6
Shields        | 4 |  4.0
Invocations    | 2 3 5 6 9 10 | 10.0
Fighting       | |  3.6
Armour         | |  3.2

Action                   |  1- 3 |  4- 6 |  7- 9 || total
-------------------------+-------+-------+-------++-------
Melee: War axe           |    54 |   149 |   233 ||   436
  Use: Scroll            |     1 |     2 |     8 ||    11
Armor: Scale mail        |    24 |    20 |       ||    44
       Ring mail         |       |    32 |    97 ||   129
Dodge: Dodged            |    23 |    72 |   111 ||   206
Block: Buckler           |    19 |    47 |    83 ||   149

Table legend: (Time is in decaauts)
 A = Elapsed time spent in this place.
 B = Non-inter-level travel time spent in this place.
 C = Inter-level travel time spent in this place.
 D = Time resting spent in this place.
 E = Time spent auto-exploring this place.
 F = Levels seen in this place.
 G = Mean time per level.
                   A        B        C        D        E       F      G
               +--------+--------+--------+--------+--------+-----+--------+
         Total |   7430 |   7206 |    224 |   1018 |   5267 |   9 |  825.6 |
       Dungeon |   7351 |   7140 |    211 |   1018 |   5207 |   8 |  918.9 |
        Temple |     78 |     66 |     12 |      0 |     60 |   1 |   78.0 |
               +--------+--------+--------+--------+--------+-----+--------+

Top non-repeatable levels by time:
     D:4: 1734 daAuts
     D:3: 1173 daAuts
     D:6: 1140 daAuts
     D:5: 1133 daAuts
     D:7: 900 daAuts
     D:1: 664 daAuts
     D:2: 594 daAuts
  Temple: 78 daAuts
     D:8: 10 daAuts
